 Dungeon Crawl Stone Soup version 0.31-a0-986-g5e6e4ef867 (webtiles) character file.

Game seed: 12805910382292532547

130 sammy202020 the Ruffian (level 4, -4/34 HPs)
             Began as a Demonspawn Shapeshifter on Nov 14, 2023.
             Slain by Terence
             ... wielding a +2 flail of protection
              (10 damage)
             ... on level 2 of the Dungeon.
             The game lasted 00:01:38 (1430 turns).

sammy202020 the Ruffian (Demonspawn Shapeshifter)   Turns: 1430, Time: 00:01:39

Health: -4/34      AC:  5    Str: 16    XL:     4   Next: 90%
Magic:  4/4        EV: 11    Int: 12    God:
Gold:   103        SH:  5    Dex: 12    Spells: 3/3 levels left

rFire   . .          .
                       - Unarmed
rCold   . . .        (no shield)
rNeg    . . .        i - +0 ring mail
rPois   .            (helmet currently unavailable)
rElec   .            (cloak currently unavailable)
rCorr   .            (gloves currently unavailable)
SInv    .            (boots currently unavailable)
Will    .....        f - amulet of reflection
Stlth   +            (no ring)
HPRegen 0.25/turn    (no ring)
MPRegen 0.09/turn

%: reflection
@: beast-form
A: beast (slay +1), claws 1
a: Begin Untransformation


You were on level 2 of the Dungeon.
You were a hulking beast.
You visited 1 branch of the dungeon, and saw 2 of its levels.

You collected 103 gold pieces.

Inventory:

Armour
 a - a +0 animal skin
 i - a +0 ring mail (worn)
Jewellery
 f - an amulet of reflection (around neck)
Talismans
 c - a beast talisman
 d - a flux talisman
Scrolls
 e - 3 scrolls of poison {unknown}
 g - a scroll of brand weapon {unknown}
 j - 2 scrolls of butterflies {unknown}
Potions
 b - 2 potions of lignification
 h - 2 potions of degeneration {unknown}


   Skills:
 * Level 2.5 Fighting
 + Level 1.1 Armour
 + Level 2.3 Dodging
 * Level 3.4 Unarmed Combat
 * Level 3.3 Shapeshifting


You had 3 spell levels left.
You didn't know any spells.
Your spell library contained the following spells:

 Spells                   Type           Power      Damage    Failure   Level
 Cigotuvi's Dreadful Rot  Necr/Pois/Air  0%         N/A       67%         2
 Ignite Poison            Fire/Tmut/Pois 0%         N/A       88%         3
 Freezing Cloud           Conj/Ice/Air   0%         6-21      100%        5


Dungeon Overview and Level Annotations

Branches:
Dungeon (2/15)

Altars:

Annotations:
D:2 Terence


Innate Abilities, Weirdness & Mutations

You are a hulking beast.
Your limbs bulge with bestial killing power. (Slay +1)
You have sharp fingernails.


Message History

You are too injured to fight recklessly!
You are too injured to fight recklessly!
You are too injured to fight recklessly!
You are too injured to fight recklessly!
You are too injured to fight recklessly!
You are too injured to fight recklessly!
You are too injured to fight recklessly!
You are too injured to fight recklessly!
You are too injured to fight recklessly!
You are too injured to fight recklessly!
Okay, then.
You scratch Terence but do no damage.
Terence is moderately wounded.
The bat hits you but does no damage. Terence closely misses you.
You scratch Terence.
Terence is heavily wounded.
The bat hits you but does no damage.
Terence hits you with a +2 flail of protection.
You scratch Terence but do no damage.
Terence is heavily wounded.
The bat hits you but does no damage. Terence barely misses you.
You scratch Terence but do no damage.
Terence is heavily wounded.
The bat hits you. Terence closely misses you.
You scratch Terence.
Terence is severely wounded.
The bat barely misses you.
You closely miss Terence.
Terence is severely wounded.
You block the bat's attack.
Terence hits you with a +2 flail of protection.
* * * LOW HITPOINT WARNING * * *
You closely miss Terence.
Terence is severely wounded.
The bat barely misses you. Terence closely misses you.
You closely miss Terence. You claw Terence.
Terence is almost dead.
The bat hits you but does no damage.
Terence hits you with a +2 flail of protection!
You die...

#.)######
.......
#......
#.....# ###
#.....# #..
#.....# #..
####.b@..##
#..
.......h..#
#..
.########.#
#.. #.# #..
#.# ### #.#
## #.# ..
#.# .# #.#
########.###
#####+##


You could see Terence and a bat.

Vanquished Creatures
  Natasha (D:2)
  Robin (D:2)
  3 gnolls (D:2)
  An adder (D:2)
  3 dart slugs
  9 ball pythons
  An endoplasm (D:1)
  A giant cockroach (D:2)
  9 goblins
  4 hobgoblins
  2 jackals (D:1)
  2 quokkas (D:1)
  3 bats
  3 frilled lizards
  4 kobolds
  3 rats (D:1)
50 creatures vanquished.

Notes
Turn   | Place    | Note
-------+----------+-------------------------------------------
     0 | D:1      | sammy202020 the Demonspawn Shapeshifter began the quest for
                  | the Orb.
     0 | D:1      | Reached XP level 1. HP: 15/15 MP: 1/1
   162 | D:1      | Gained mutation: You have sharp fingernails. [demonic
                  | ancestry]
   162 | D:1      | Reached XP level 2. HP: 21/21 MP: 2/2
   615 | D:1      | Reached XP level 3. HP: 27/27 MP: 3/3
  1082 | D:2      | Noticed Robin
  1093 | D:2      | Killed Robin
  1130 | D:2      | Reached XP level 4. HP: 13/33 MP: 4/4
  1271 | D:2      | Noticed Natasha
  1278 | D:2      | Killed Natasha
  1279 | D:2      | Reached skill level 1 in Armour
  1415 | D:2      | Noticed Terence
  1430 | D:2      | Slain by Terence

Illustrated notes

Levels and vault maps discovered:
D:1:      enne_arrival_octagon_isle, layout_loops_corners,
          minmay_misc_feat_roman
D:2:      layout_basic, uniq_jessica, uniq_natasha, uniq_terence, uniq_robin

Skill      XL: |  1  2  3  4 |
---------------+-------------+-----
Unarmed Combat | 3 |  3.4
Dodging        | 2 |  2.3
Shapeshifting  | 3 |  3.3
Fighting       | 2 |  2.5
Armour         | 1 |  1.1

Action                     |  1- 3 |  4- 6 || total
---------------------------+-------+-------++-------
  Melee: Unarmed           |   108 |    42 ||   150
         Punch             |     2 |     1 ||     3
 Armour: Animal skin       |    12 |       ||    12
         Ring mail         |    49 |    32 ||    81
  Dodge: Dodged            |    43 |    32 ||    75
  Block: Other             |    14 |    10 ||    24

Table legend: (Time is in decaauts)
 A = Elapsed time spent in this place.
 B = Non-inter-level travel time spent in this place.
 C = Inter-level travel time spent in this place.
 D = Time resting spent in this place.
 E = Time spent auto-exploring this place.
 F = Levels seen in this place.
 G = Mean time per level.
                   A        B        C        D        E       F      G
               +--------+--------+--------+--------+--------+-----+--------+
         Total |   1420 |   1420 |      0 |      0 |   1112 |   2 |  710.0 |
       Dungeon |   1420 |   1420 |      0 |      0 |   1112 |   2 |  710.0 |
               +--------+--------+--------+--------+--------+-----+--------+

Top non-repeatable levels by time:
     D:1: 970 daAuts
     D:2: 449 daAuts
